 Dungeon Crawl Stone Soup version 0.25-b1-37-g2669288c55 (webtiles) character file.

Game seed: 17024790467069270837

70 funkygono the Shield-Bearer (level 4, -6/28 HPs)
             Began as a Gargoyle Fighter on June 5, 2020.
             Mangled by a gnoll sergeant
             ... wielding a +5 spear of freezing
              (9 damage)
             ... on level 5 of the Dungeon.
             The game lasted 00:06:15 (2297 turns).

funkygono the Shield-Bearer (Gargoyle Fighter)      Turns: 2297, Time: 00:06:16

Health: -6/28      AC: 12    Str: 21    XL:     4   Next: 22%
Magic:  4/4        EV:  8    Int:  8    God:
Gold:   114        SH:  9    Dex:  9    Spells: 3/3 levels left

rFire    . . .     SeeInvis .   a - +1 flail
rCold    . . .     Gourm    .   c - +0 kite shield
rNeg     + . .     Faith    .   l - +0 swamp dragon scales
rPois    ∞         Spirit   .   (no helmet)
rElec    +         Reflect  .   h - +0 cloak
rCorr    .         Harm     .   (no gloves)
MR       .....                  (no boots)
Stlth    ..........             (no amulet)
HPRegen  0.09/turn              (no ring)
MPRegen  0.09/turn              (no ring)

@: mighty
A: negative energy resistance 1, electricity resistance, unbreathing,
petrification resistance, rot immunity, AC +3
a: no special abilities


You were on level 5 of the Dungeon.
You were not hungry.

You visited 1 branch of the dungeon, and saw 4 of its levels.

You collected 114 gold pieces.

Inventory:

Hand Weapons
 a - a +1 flail (weapon)
Missiles
 e - 136 stones (quivered)
 n - 23 bolts
 q - 20 arrows
Armour
 b - a +0 chain mail
 c - a +0 kite shield (worn)
 h - a +0 cloak (worn)
 j - a scarf of repulsion
 l - +0 swamp dragon scales (worn)
Jewellery
 p - an uncursed amulet of magic regeneration {unknown}
Scrolls
 g - 2 scrolls of fog
 s - 2 scrolls of amnesia {unknown}
 t - a scroll of remove curse {unknown}
Potions
 i - a potion of degeneration {unknown}
 m - a potion of brilliance {unknown}
 o - a potion of curing {unknown}
Comestibles
 f - 6 rations
 r - a chunk of flesh


   Skills:
 + Level 3.6 Fighting
 + Level 3.0 Maces & Flails
 + Level 3.8 Armour
 + Level 0.5 Dodging
 + Level 3.9 Shields


You had 3 spell levels left.
You didn't know any spells.
Your spell library was empty.

Dungeon Overview and Level Annotations

Branches:
Dungeon (3/15)

Altars:


Innate Abilities, Weirdness & Mutations

You are resistant to torment.
Your stone body is resilient. (AC +3)
You are immune to poison.
You resist negative energy. (rN+)
You are resistant to electric shocks. (rElec)
You can survive without breathing.
You are immune to petrification.
You are immune to rotting.


Message History

The gnoll sergeant blocks your attack.
The gnoll sergeant is lightly wounded.
You block the gnoll sergeant's attack. The gnoll barely misses you.
You block the gnoll's attack. The gnoll misses you.
You sock the gnoll sergeant!
The gnoll sergeant is heavily wounded.
The gnoll sergeant hits you but does no damage.
You block the gnoll's attack. x2; The gnoll hits you but does no damage.
The gnoll sergeant closely misses you. The gnoll barely misses you. x2
You hit the gnoll sergeant but do no damage.
The gnoll sergeant is heavily wounded.
The gnoll hits you but does no damage.
The gnoll sergeant hits you with a +5 spear of freezing.
The gnoll sergeant freezes you.
* * * LOW HITPOINT WARNING * * *
The gnoll hits you but does no damage. x2; The gnoll hits you.
* * * LOW HITPOINT WARNING * * *
You feel mightier all of a sudden.
The gnoll sergeant hits you with a +5 spear of freezing!
You die...

#...
........#
........#
........#
........#
........#
........#
(...$...#+##
######.gg..#
#.g@..+
#...g.#
#[....#
#.....#
##......
#.......
#........$
#.?...(...
#.........


You could see a gnoll sergeant and 3 gnolls.

Vanquished Creatures
  An adder (D:2)
  A shadow imp (D:3)
  A worm (D:2)
  4 leopard geckos
  2 giant cockroaches
  7 goblins
  A hobgoblin (D:2)
  2 jackals (D:1)
  2 ball pythons (D:1)
  6 bats
  5 frilled lizards
  10 kobolds
  9 rats
51 creatures vanquished.

Notes
Turn   | Place    | Note
-------+----------+-------------------------------------------
     0 | D:1      | funkygono the Gargoyle Fighter began the quest for the Orb.
     0 | D:1      | Reached XP level 1. HP: 14/14 MP: 1/1
    88 | D:1      | Reached XP level 2. HP: 19/19 MP: 2/2
   485 | D:1      | Reached XP level 3. HP: 21/23 MP: 3/3
  1839 | D:3      | Reached XP level 4. HP: 26/28 MP: 4/4
  2240 | D:3      | You fall into a shaft and drop 2 floors!
  2240 | D:5      | Entered Level 5 of the Dungeon
  2241 | D:5      | Noticed a gnoll sergeant
  2297 | D:5      | Mangled by a gnoll sergeant

Illustrated notes

Levels and vault maps discovered:
D:1:      onia_arrival_pyramid, layout_basic, serial_glass, glass_columns_a,
          glass_columns_c, glass_columns_c, glass_columns_b, glass_columns_a,
          glass_columns_c, glass_columns_a, glass_columns_b, glass_columns_b,
          glass_columns_a, glass_columns_b, glass_columns_c, glass_columns_a,
          glass_columns_b
D:2:      layout_basic, first_ration, minmay_misc_feat_room, minmay_misc_feat_x,
          minmay_tromino_v4_a
D:3:      layout_basic, amethyst_overflow_temple_binary
D:5:      layout_gridville, grunt_temple_overflow_cloverleaf

Skill      XL: |  1  2  3  4 |
---------------+-------------+-----
Maces & Flails | 3 |  3.0
Fighting       | |  3.6
Armour         | |  3.8
Dodging        | |  0.5
Shields        | |  3.9

Action                   |  1- 3 |  4- 6 || total
-------------------------+-------+-------++-------
Melee: Flail             |   166 |    26 ||   192
  Use: Scroll            |     4 |     1 ||     5
       Potion            |       |     4 ||     4
  Eat: Chunk             |     3 |     2 ||     5
Armor: Scale mail        |   110 |     4 ||   114
       Swamp dragon scal |       |    19 ||    19
Dodge: Dodged            |    56 |    20 ||    76
Block: Kite shield       |    96 |    23 ||   119
